 Dungeon Crawl Stone Soup version 0.31-a0-233-g139696dc86 (webtiles) character file.

Game seed: 8412933436448643253

109 qw the Shooter (level 4, 0/26 HPs)
             Began as a Gargoyle Hexslinger on July 8, 2023.
             Slain by an orc priest
             ... wielding a +0 dagger
              (1 damage)
             ... on level 3 of the Dungeon.
             The game lasted 00:00:46 (1736 turns).

qw the Shooter (Gargoyle Hexslinger)                Turns: 1736, Time: 00:00:47

Health: 0/26       AC:  9    Str: 12    XL:     4   Next: 89%
Magic:  5/5        EV: 10    Int: 13    God:
Gold:   90         SH:  0    Dex: 16    Spells: 4/5 levels left

rFire   . . .        Y - +2 sling
rCold   x . .        (no shield)
rNeg    + + .        e - +0 ring mail
rPois   inf          g - +0 helmet
rElec   +            (no cloak)
rCorr   .            (no gloves)
SInv    .            (no boots)
Will    ++...        (no amulet)
Stlth   +            a - ring of the Stallion {rC- rN+ Will+ Dex+2}
HPRegen 0.24/turn    f - ring of willpower
MPRegen 0.09/turn

%: no passive effects
@: no status effects
A: sickness immunity, AC +3, negative energy resistance 1, electricity
resistance, torment resistance 1, petrification resistance
a: no special abilities


You were on level 3 of the Dungeon.
You visited 1 branch of the dungeon, and saw 3 of its levels.

You collected 90 gold pieces.


Innate Abilities, Weirdness & Mutations

You are immune to sickness and miasma.
Your stone body is resilient. (AC +3)
You are immune to poison.
You resist negative energy. (rN+)
You are resistant to electric shocks. (rElec)
You are resistant to unholy torment.
You are immune to petrification.


   Skills:
 - Level 2.0 Fighting
 + Level 4.4 Ranged Weapons
 - Level 1.0 Armour
 - Level 1.5 Dodging
 - Level 1.0 Spellcasting
 - Level 2.6 Hexes


You had 4 spell levels left.
You knew the following spells:

 Your Spells              Type           Power      Damage    Failure   Level
a - Slow                  Hex            28%        N/A       22%         1

Your spell library contained the following spells:

 Spells                   Type           Power      Damage    Failure   Level
 Inner Flame              Hex/Fire       4%         N/A       73%         3
 Portal Projectile        Hex/Tloc       8%         N/A       73%         3
 Cause Fear               Hex            3%         N/A       91%         4

Inventory:

Hand Weapons
 Y - a +2 sling (weapon)
Armour
 e - a +0 ring mail (worn)
 g - a +0 helmet (worn)
Jewellery
 a - the ring of the Stallion (left hand) {rC- rN+ Will+ Dex+2}
   (You found it on level 2 of the Dungeon)

   [ring of willpower]

   Dex:       It affects your dexterity (+2).
   rC:        It makes you vulnerable to cold.
   rN:        It protects you from negative energy.
   Will:      It increases your willpower.
 f - a ring of willpower (right hand)
Scrolls
 b - a scroll of identify
 h - a scroll of brand weapon {unknown}
Potions
 c - a potion of curing {unknown}
 d - a potion of might {unknown}
 i - a potion of lignification {unknown}
 j - a potion of cancellation {unknown}

Dungeon Overview and Level Annotations

Branches:
Dungeon (3/15)

Altars:
Hepliaklqana


Message History

You shoot a sling bullet.
The sling bullet barely misses the orc priest.
A bat comes into view.
The hobgoblin hits you.
The orc priest hits you with a +0 dagger.
The orc priest looks encouraged for a moment.
The hobgoblin barely misses you.
The bat moves out of view.
You shoot a sling bullet.
The sling bullet closely misses the orc priest.
The hobgoblin hits you but does no damage.
The orc priest hits you with a +0 dagger.
You shoot a sling bullet.
The sling bullet completely misses the orc priest.
The hobgoblin barely misses you.
The orc priest hits you but does no damage.
You shoot a sling bullet.
The sling bullet hits the orc priest but does no damage.
The orc priest is moderately wounded.
The hobgoblin hits you but does no damage.
The orc priest hits you with a +0 dagger.
You shoot a sling bullet. The sling bullet hits the orc priest!
The orc priest is almost dead.
The hobgoblin barely misses you. The orc priest barely misses you.
The orc priest hits you with a +0 dagger.
The hobgoblin closely misses you.
You shoot a sling bullet.
The sling bullet closely misses the orc priest.
The bat closely misses you. The hobgoblin barely misses you.
The orc priest invokes the aid of Beogh against you.
Beogh smites you!
You shoot a sling bullet.
The sling bullet barely misses the orc priest.
The bat closely misses you. The bat misses you. The hobgoblin hits you.
The orc priest closely misses you.
You shoot a sling bullet.
The sling bullet barely misses the orc priest.
The bat hits you but does no damage.
The hobgoblin hits you but does no damage.
The orc priest hits you with a +0 dagger.
You die...

.. ##. .. ... .# ..
.. ####. .# .##
....# .##.!..
#..##o....##
#...@g...... .##
#...########
...####..b#.......
..........#.......
.#.#.#..#.#.......
........#....._...
.#.#.#..#.#.......
..........#.#.......
#..#.#.#....#.......


You could see an orc priest, a hobgoblin and a bat.

Vanquished Creatures
  3 gnolls (D:3)
  2 dart slugs
  6 orcs (D:3)
  3 bats (D:1)
  5 endoplasms
  A giant cockroach (D:1)
  7 goblins
  6 hobgoblins
  7 jackals
  10 kobolds
  6 ball pythons
  3 frilled lizards
  3 rats
62 creatures vanquished.

Notes
Turn   | Place    | Note
-------+----------+-------------------------------------------
     0 | D:1      | qw the Gargoyle Hexslinger began the quest for the Orb.
     0 | D:1      | Reached XP level 1. HP: 12/12 MP: 2/2
     0 | D:1      | 0 ||| qw: Version: 0.3-a-46-gb1f654a
     0 | D:1      | 0 ||| qw: Game counter: 3664
     0 | D:1      | 0 ||| qw: Melee chars always use a shield: true
     0 | D:1      | 0 ||| qw: God list: Okawaru
     0 | D:1      | 0 ||| qw: Allow faded altars: false
     0 | D:1      | 0 ||| qw: Do Orc after clearing Dungeon:15 true
     0 | D:1      | 0 ||| qw: Do second Lair branch before Depths: true
     0 | D:1      | 0 ||| qw: Lair rune preference: random
     0 | D:1      | 0 ||| qw: Goals: Normal
     0 | D:1      | 0 ||| PLANNING D:1-11
    75 | D:1      | Reached XP level 2. HP: 16/16 MP: 3/3
   129 | D:1      | Reached skill level 3 in Ranged Weapons
   263 | D:1      | Reached XP level 3. HP: 21/21 MP: 4/4
   769 | D:1      | 769 ||| UPGRADING to +0 ring mail.
   779 | D:1      | 779 ||| DROPPING +0 robe.
   780 | D:1      | 780 ||| READING scroll labelled FULLOQILIN.
   781 | D:1      | 781 ||| READING scroll labelled YCRAZU QEODIO.
   782 | D:1      | 782 ||| READING scroll labelled DUMMIB BEATEVVEOV.
   783 | D:1      | 783 ||| DROPPING scroll of poison.
   858 | D:2      | Identified the ring of the Stallion {rC- rN+ Will+ Dex+2}
  1280 | D:2      | Reached XP level 4. HP: 26/26 MP: 5/5
  1472 | D:2      | 1472 ||| UPGRADING to +0 helmet.
  1477 | D:2      | 1477 ||| UPGRADING to ring of the Stallion {rC- rN+ Will+
                  | Dex+2}.
  1478 | D:2      | 1478 ||| UPGRADING to ring of willpower.
  1479 | D:2      | 1479 ||| READING scroll labelled PIGOOSTR LUTUP.
  1568 | D:3      | Identified the +6 long sword of the Fray {flame, rPois rF+
                  | rC+ rCorr Stlth+}
  1632 | D:3      | 1632 ||| Stepping ~*~*~tactically~*~*~ (outnumbered).
  1635 | D:3      | Reached skill level 1 in Armour
  1652 | D:3      | Reached skill level 4 in Ranged Weapons
  1715 | D:3      | Found a hazy altar of Hepliaklqana.
  1734 | D:3      | HP: 3/26 [orc priest/divine providence (11)]
  1735 | D:3      | HP: 1/26 [hobgoblin (3)]
  1736 | D:3      | Slain by an orc priest

Levels and vault maps discovered:
D:1:      matt_arrival_los_fun, layout_loops_ring
D:2:      layout_basic
D:3:      layout_loops_ring, lemuel_tele_altar, serial_glass, glass_columns_c,
          glass_columns_b

Skill      XL: |  1  2  3  4 |
---------------+-------------+-----
Ranged Weapons | 3 4 |  4.4
Fighting       | 2 |  2.0
Armour         | 1 |  1.0
Dodging        | |  1.5
Spellcasting   | |  1.0
Hexes          | |  2.6

Action                     |  1- 3 |  4- 6 || total
---------------------------+-------+-------++-------
   Fire: Sling             |   141 |    66 ||   207
    Use: Scroll            |     3 |     1 ||     4
 Armour: Robe              |    12 |       ||    12
         Ring mail         |    15 |    21 ||    36
  Dodge: Dodged            |    35 |    32 ||    67

Table legend:
 A = Non-vault XP
 B = Vault XP
 C = Vault XP percentage of total XP
 D = Non-vault monster count
 E = Vault monster count
 F = Vault count percentage of total count
                 A         B        C        D         E       F
            +---------+---------+-------+---------+---------+-------
      Total |     156 |       0 |   0.0 |      62 |       0 |   0.0
            +---------+---------+-------+---------+---------+-------
        D:1 |      57 |       0 |   0.0 |      30 |       0 |   0.0
        D:2 |      26 |       0 |   0.0 |      15 |       0 |   0.0
        D:3 |      73 |       0 |   0.0 |      17 |       0 |   0.0
            +---------+---------+-------+---------+---------+-------
